 Dungeon Crawl Stone Soup version 0.13-a0-2531-g2ad9301 (webtiles) character file.

636 Kae the Ruinous (level 6, -3/32 HPs)
             Began as a Tengu Fire Elementalist on July 26, 2013.
             Hit by a spear of returning thrown by a gnoll (6 damage)
             ... on Level 4 of the Dungeon.
             The game lasted 00:07:19 (3539 turns).

Kae the Ruinous (Tengu Fire Elementalist)           Turns: 3539, Time: 00:07:20

HP  -3/32        AC  3     Str  8      XL: 6   Next: 67%
MP  11/23        EV 12     Int 18      God:
Gold 272         SH  0     Dex 14      Spells:  4 memorised,  1 level left

Res.Fire  : . . .   See Invis. : .   l - +0,+2 orc whip (holy)
Res.Cold  : . . .   Warding    : .   a - +0 robe
Life Prot.: . . .   Conserve   : .   (no shield)
Res.Poison: +       Res.Corr.  : .   (helmet restricted)
Res.Elec. : .       Clarity    : .   m - +0 cloak
Sust.Abil.: . .     Spirit.Shd : .   (no gloves)
Res.Mut.  : .       Stasis     : .   (boots unavailable)
Res.Rott. : .       Flight     : .   (no amulet)
Saprovore : . . .                    o - ring of magical power
                                     p - ring of poison resistance

@: slightly resistant to hostile enchantments, fairly stealthy
A: able to fly, beak, talons 3
a: Fly


You were on level 4 of the Dungeon.
You were hungry.

You visited 1 branch of the dungeon, and saw 4 of its levels.

You collected 252 gold pieces.

Inventory:

Hand weapons
 d - a +0,+1 short sword
 e - a +0,+0 short sword
 l - a +0,+2 orcish whip of holy wrath (weapon)
Armour
 a - a +0 robe (worn)
 m - a +0 cloak (worn)
Magical devices
 s - a wand of slowing (17) {unknown}
Comestibles
 c - 3 bread rations
 j - 2 meat rations
Scrolls
 g - a scroll of enchant weapon I {unknown}
 h - a scroll of teleportation {unknown}
 i - a scroll of fog
 n - a scroll of recharging {unknown}
 q - 3 scrolls of curse weapon {unknown}
 r - a scroll of identify
 u - a scroll of enchant armour {unknown}
Jewellery
 o - a ring of magical power (right hand)
 p - a ring of poison resistance (left hand)
Potions
 f - a potion of agility
 k - 2 potions of curing
 t - a potion of confusion {unknown}
 v - a potion of degeneration {unknown}
Books
 b - a book of Flames

   Spells                             Type                      Level
   *Flame Tongue                      Conjuration/Fire             1
   *Throw Flame                       Conjuration/Fire             2
   *Conjure Flame                     Conjuration/Fire             3
   Inner Flame                        Hexes/Fire                   3
   *Sticky Flame                      Conjuration/Fire             4
   Fireball                           Conjuration/Fire             5


   Skills:
 - Level 2.1 Dodging
 - Level 2.0 Stealth
 + Level 3.0 Spellcasting
 * Level 6.3 Conjurations
 + Level 4.7 Fire Magic


You had one spell level left.
You knew the following spells:

 Your Spells              Type           Power        Failure   Level  Hunger
a - Flame Tongue          Conj/Fire      ###..        1%          1    None
b - Throw Flame           Conj/Fire      ###...       2%          2    ##.....
c - Conjure Flame         Conj/Fire      ###.....     6%          3    ###....
d - Sticky Flame          Conj/Fire      ###.....     21%         4    ####...


Dungeon Overview and Level Annotations

Branches:
Dungeon (4/27)
 Temple: D:4-7

Altars:
Ashenzari
Elyvilon
the Shining One


Innate Abilities, Weirdness & Mutations

You can fly.
You have a beak for a mouth.
You have claws for feet.


Message History

Press: ? - help, Shift-Dir - straight line, f - gnoll
Aim: a gnoll, wielding a spear of returning The flame misses the gnoll.
The gnoll hits you from afar with a spear of returning!
Casting: Flame Tongue
Confirm with . or Enter, or press ? or * to list all spells.
Aiming: Flame Tongue
Press: ? - help, Shift-Dir - straight line, f/p - gnoll
Aim: a gnoll, wielding a spear of returning The flame hits the gnoll.
The gnoll is moderately wounded.
The gnoll hits you from afar with a spear of returning!
* * * LOW HITPOINT WARNING * * *
Casting: Flame Tongue
Confirm with . or Enter, or press ? or * to list all spells.
Aiming: Conjure Flame
Press: ? - help, Dir - move target cursor, p - gnoll The fire roars!
The gnoll closely misses you.
The gnoll throws a spear of returning.
The spear of returning hits you!
You die...

......#
..... ...
#'## #..#
##g#
#######ยง##
#........#
+......@.#
#........#
#........#
#........#
#........#
#........#
#........#
#........#
#######'###


You could see a gnoll.

Vanquished Creatures
  An ogre (D:3)
  The ghost of M4edhros the Sneak, a weakling OpAr (D:3)
  A hound (D:4)
  An orc wizard (D:3)
  A worker ant (D:4)
  8 adders
  2 gnolls (D:4)
  2 worms
  A giant gecko (D:1)
  2 oozes
  3 orcs (D:3)
  2 bats
  5 hobgoblins
  4 kobolds
  A ball python (D:3)
  5 giant cockroaches
  3 giant newts
  9 goblins
  3 jackals (D:3)
  A quokka (D:2)
  5 rats
61 creatures vanquished.

Notes
Turn   | Place    | Note
--------------------------------------------------------------
     0 | D:1      | Kae, the Tengu Fire Elementalist, began the quest for the Orb.
     0 | D:1      | Reached XP level 1. HP: 10/10 MP: 3/3
   275 | D:1      | Reached XP level 2. HP: 6/15 MP: 5/5
  1124 | D:2      | Reached XP level 3. HP: 19/19 MP: 2/7
  1418 | D:2      | Reached skill level 4 in Fire Magic
  1529 | D:2      | Reached XP level 4. HP: 21/24 MP: 5/8
  1543 | D:2      | Found a glowing golden altar of the Shining One.
  1544 | D:2      | Found a white marble altar of Elyvilon.
  1567 | D:2      | Found a white marble altar of Elyvilon.
  1910 | D:3      | Found a shattered altar of Ashenzari.
  2069 | D:3      | Noticed M4edhros' ghost (weakling OpAr)
  2140 | D:2      | HP: 1/24 [adder (2)]
  2473 | D:2      | Learned a level 3 spell: Conjure Flame
  2476 | D:2      | Learned a level 2 spell: Throw Flame
  2528 | D:3      | Killed M4edhros' ghost
  2528 | D:3      | Reached XP level 5. HP: 23/28 MP: 1/11
  2985 | D:3      | Reached skill level 5 in Conjurations
  3262 | D:4      | Noticed an ogre
  3287 | D:3      | Killed an ogre
  3287 | D:3      | Reached XP level 6. HP: 32/32 MP: 14/14
  3377 | D:4      | Learned a level 4 spell: Sticky Flame
  3449 | D:4      | Reached skill level 6 in Conjurations
  3539 | D:4      | Hit by a spear of returning thrown by a gnoll

Action                   |  1- 3 |  4- 6 || total
-------------------------+-------+-------++-------
Melee: Short sword       |    43 |     9 ||    52
       Whip              |       |    14 ||    14
 Cast: Flame Tongue      |    26 |    79 ||   105
       Conjure Flame     |       |     4 ||     4
       Throw Flame       |       |     1 ||     1
 Abil: Fly               |       |     1 ||     1
  Use: Scroll            |     7 |       ||     7
